 Dungeon Crawl Stone Soup version 0.25-a0-503-ge281fa673e (webtiles) character file.

Game seed: 12803598987295573019, levelgen mode: classic

295804 EnegeticOcto the Champion of Chaos (level 19, -16/201 HPs)
             Began as a Deep Dwarf Fighter on Feb 13, 2020.
             Was the Champion of Makhleb.
             Killed from afar by an ancient lich (66 damage)
             ... with a bolt of acid
             ... on level 2 of the Realm of Zot.
             The game lasted 00:22:14 (20342 turns).

EnegeticOcto the Champion of Chaos (DDFi)          Turns: 20342, Time: 00:22:14

Health: -16/201    AC: 28    Str: 32    XL:     19   Next: 64%
Magic:  18/18      EV: 13    Int: 10    God:    Makhleb [******]
Gold:   1601       SH: 21    Dex: 13    Spells: 18/18 levels left

rFire    + + .     SeeInvis .   a - +8 broad axe of Melee {drain, rN+}
rCold    + . .     Gourm    .   Z - +0 tower shield
rNeg     + + .     Faith    .   m - +7 plate armour of the Six Dreams {+Fly rF+ Dex+3}
rPois    .         Spirit   .   g - +2 hat
rElec    .         Reflect  .   N - +2 cloak
rCorr    .         Harm     +   E - +2 pair of gloves
MR       +++..     Rnd*Tele +   p - +2 pair of boots
Stlth    ..........             o - amulet of harm
HPRegen  0.00/turn              i - ring of protection from fire
MPRegen  0.16/turn              l - ring of protection from magic

@: mighty, corroded, non-regenerating
A: damage resistance, heal wounds, antennae 1, beak, clumsy 1, cold resistance
1, negative energy resistance 1, sense surroundings 3, robust 1, teleportitis 1,
no regeneration
}: 3/15 runes: decaying, silver, gossamer
a: Heal Wounds, Minor Destruction, Lesser Servant of Makhleb, Major Destruction,
Greater Servant of Makhleb, Renounce Religion, Evoke Flight


You were on level 2 of the Realm of Zot.
You worshipped Makhleb.
Makhleb was exalted by your worship.
You were not hungry.

You visited 8 branches of the dungeon, and saw 42 of its levels.
You also visited: Ossuary.

You collected 2322 gold pieces.
You spent 721 gold pieces at shops.

Inventory:

Hand Weapons
 a - the +8 broad axe of Melee (weapon) {drain, rN+}
   (You acquired it on level 3 of the Lair of Beasts)

   A truly terrible weapon, it drains the life of those it strikes.
   It protects you from negative energy.
 W - a +7 broad axe of electrocution
Armour
 g - a +2 hat (worn)
 m - the +7 plate armour of the Six Dreams (worn) {+Fly rF+ Dex+3}
   (You found it on level 5 of the Vaults)

   It affects your dexterity (+3).
   It protects you from fire.
   It lets you fly.
   If you remove this armour, your AC will decrease by 24 (28 -> 4).
 p - a +2 pair of boots (worn)
 E - a +2 pair of gloves (worn)
 N - a +2 cloak (worn)
 Z - a +0 tower shield (worn)
Jewellery
 c - a cursed ring of teleportation
 i - a ring of protection from fire (left hand)
 l - a ring of protection from magic (right hand)
 o - an amulet of harm (around neck)
 u - an uncursed ring of poison resistance
Wands
 t - a wand of enslavement (36)
 x - a wand of paralysis (8)
 B - a wand of flame (83)
 C - a wand of polymorph (7)
 H - a wand of digging (2) {@q2}
 M - a wand of iceblast (27)
 R - a wand of acid (5) {@q1}
 X - a wand of disintegration (11)
Scrolls
 q - 10 scrolls of remove curse {@r6}
 v - 13 scrolls of teleportation {@r2}
 y - a scroll of enchant armour
 A - 2 scrolls of magic mapping {@r5}
 D - 12 scrolls of identify {@r1}
 O - 3 scrolls of immolation {@r4}
 P - 4 scrolls of fear
 Q - 2 scrolls of blinking {@r3}
 T - a scroll of brand weapon
 V - a scroll of holy word
Potions
 b - a potion of invisibility
 d - 2 potions of might {@q3}
 f - 9 potions of heal wounds {@q2}
 h - 5 potions of lignification {@q7}
 j - 9 potions of agility {@q5}
 k - 7 potions of ambrosia
 n - 6 potions of brilliance
 r - 14 potions of curing {@q1}
 s - a potion of berserk rage
 w - 8 potions of flight
 z - 5 potions of magic
 F - 3 potions of haste {@q4}
 G - 2 potions of cancellation
 J - 3 potions of resistance {@q6}
 K - a potion of mutation
Miscellaneous
 I - a box of beasts
Comestibles
 e - 42 rations


   Skills:
 * Level 14.3 Fighting
 * Level 18.8 Axes
 + Level 14.1 Armour
 + Level 13.8 Dodging
 + Level 14.1 Shields
 * Level 20.4 Invocations


You had 18 spell levels left.
You didn't know any spells.
Your spell library was empty.

Dungeon Overview and Level Annotations

Branches:
Dungeon (15/15)            Temple (1/1) D:7            Lair (6/6) D:10
  Swamp (4/4) Lair:3       Spider (4/4) Lair:4          Orc (0/2) D:12
 Vaults (5/5) D:13         Depths (5/5) D:15            Zot (2/5) Depths:5
Ossuary (visited)
  Slime: Lair:5-6     Crypt: Vaults:2-3

Altars:
Ashenzari
Cheibriados
Dithmenos
Elyvilon
Fedhas
Gozag
Hepliaklqana
Kikubaaqudgha
Makhleb
Okawaru
Qazlal
Ru
Trog
Uskayaw
Vehumet
Wu Jian
Yredelemnul
Zin
The Shining One

Shops:
D:7 (   D:8 }   D:9 ?   D:10 [   D:12 ([   D:14 *   Vaults:3 :

Portals:
Hell: Depths:3
Wizlab: Depths:1

Annotations:
D:12 2 transporters, Ylonelor's ghost, journeyman MiFi
Lair:1 2 transporters, exclusion: 2 oklob plants, FRZBLD's ghost, novice TrMo


Innate Abilities, Weirdness & Mutations

You are resistant to damage.
You can heal yourself by infusing magical energy.
You resist negative energy. (rN+)
You passively map a large area around you.
You do not regenerate.
You have a pair of small antennae on your head.
You have a beak for a mouth.
You are clumsy. (Dex -2)
Your flesh is cold resistant. (rC+)
You are robust. (+10% HP)
You are occasionally teleported next to monsters.


Message History

You block the tentacled monstrosity's attack.
The tentacled monstrosity grabs you.
The tentacled monstrosity constricts you.
The deathcap draws from the surrounding life force!
The moth of wrath goads the yellow draconian on!
The yellow draconian goes berserk!
The tentacled monstrosity's grasp on you weakens, but your attempt to escape fails.
The ancient lich touches you but does no damage.
You block the tentacled monstrosity's attack.
The tentacled monstrosity tentacle-slaps you but does no damage. x2
The tentacled monstrosity constricts you.
The ancient lich touches you but does no damage.
You slice the tentacled monstrosity!!
The tentacled monstrosity is heavily wounded.
You barely miss the ancient lich.
The tentacled monstrosity tentacle-slaps you but does no damage.
You block the tentacled monstrosity's attack. x2
The tentacled monstrosity constricts you.
The ancient lich touches you but does no damage.
The moth of wrath goads the green draconian on!
The green draconian goes berserk!
The deathcap draws from the surrounding life force!
A tentacled monstrosity comes into view.
Your plate armour of the Six Dreams prevents you from hitting the tentacled monstrosity.
You peck the tentacled monstrosity, but do no damage.
The tentacled monstrosity is heavily wounded.
You closely miss the ancient lich.
The ancient lich gestures at you while chanting.
You resist with almost no effort.
The tentacled monstrosity tentacle-slaps you but does no damage.
You block the tentacled monstrosity's attack.
The tentacled monstrosity tentacle-slaps you but does no damage.
The tentacled monstrosity constricts you.
The purple draconian shifter blinks!
You barely miss the tentacled monstrosity.
The tentacled monstrosity is heavily wounded.
You closely miss the ancient lich.
The ancient lich touches you but does no damage.
The deathcap draws from the surrounding life force!
The moth of wrath goads the yellow draconian on!
The yellow draconian goes berserk!
You block the tentacled monstrosity's attack. x2
The tentacled monstrosity tentacle-slaps you but does no damage.
The tentacled monstrosity constricts you.
You slice the tentacled monstrosity!!
The tentacled monstrosity is severely wounded.
You slash the ancient lich! You block the ancient lich's attack.
The deathcap draws from the surrounding life force!
The ancient lich points at you and mumbles some strange words.
The bolt of acid hits you! The acid corrodes you!
You are splashed with acid!!
The moth of wrath goads the storm dragon on!
The storm dragon goes berserk!
You are too injured to fight recklessly!
You are too injured to fight recklessly!
Okay, then.
Okay, then.
You closely miss the ancient lich.
You peck the ancient lich, but do no damage.
The ancient lich is lightly damaged.
Your plate armour of the Six Dreams prevents you from hitting the tentacled monstrosity.
The tentacled monstrosity tentacle-slaps you but does no damage.
You block the tentacled monstrosity's attack. x2
The tentacled monstrosity constricts you.
The ancient lich touches you but does no damage.
You hit the ancient lich but do no damage.
The ancient lich is lightly damaged.
You hit the tentacled monstrosity but do no damage.
The ancient lich touches you but does no damage.
The tentacled monstrosity barely misses you.
The tentacled monstrosity tentacle-slaps you but does no damage.
You block the tentacled monstrosity's attack.
The tentacled monstrosity constricts you.
The green draconian rages.
You feel very mighty all of a sudden. You block the ancient lich's attack.
The tentacled monstrosity tentacle-slaps you but does no damage. x2
You block the tentacled monstrosity's attack.
The tentacled monstrosity constricts you.
The deathcap draws from the surrounding life force!
You slice the ancient lich!!
You peck the ancient lich, but do no damage.
The ancient lich is heavily damaged.
You cut the tentacled monstrosity into ribbons!!!
You kill the tentacled monstrosity!
Makhleb accepts your kill.
You feel better.
The ancient lich points at you and mumbles some strange words.
The crystal spear misses you. The ancient lich casts a spell at you.
The bolt of acid hits you!!! The acid corrodes you!
You are splashed with acid!
* * * LOW HITPOINT WARNING * * *
Your plate armour of the Six Dreams prevents you from hitting the ancient lich.
You peck the ancient lich, but do no damage.
The ancient lich is heavily damaged.
The storm dragon rages.
The deathcap draws from the surrounding life force!
* * * LOW HITPOINT WARNING * * *
The ancient lich gestures at you while chanting.
The bolt of acid hits you!!!
You die...

,,,,,,,*,#.#,**,,,○,***,**,#.#...
,,,,,,,*,#.#,*,,○....#**,*,#.#...
,,,,,,,*,#.#,*,,○d...#,*,*,#.#...
,,,,,,,*,#.#{+,,>.>..+,*,*,#.....
,,,,,*,*,#.#{*,,,dqy.#,*,*,#.....
,,,,,*,*,#.##*,,,ddDd#,*,*,#.....
,,,,,*,*,##.###{Xz{d**,*,*,#.....
,,,,,*,**,##..###L##*,**,*,#.....
,,,,,**,**,###f[@)f#*,*,**,#.....
,,,,,,**,**,,#######,**,*,*#.....
,,,,,,,**,***,,,,{,,**,**,#......
,,,,,,,,**,,*********,**,*#...?..
,,,,,,,,,***,,,,,,,,,**,**..##...
,,,,,,,,,,,***********,**,,,*###.
,,,,,,,*,,,,,,,,,,,,,,**,,,** ##
,,,,,,**********,,********** *#.
,,,,,** **** *#..


You could see an ancient lich, a storm dragon (berserk), 2 draconians, 2
draconians, a purple draconian, a white draconian, a death cob, a yellow
draconian scorcher, 2 deathcaps and a moth of wrath.

Vanquished Creatures
  An orb of fire (Zot:1)
  A Killer Klown (Zot:2)
  A golden dragon (Zot:1)
  An electric golem (Zot:1)
  4 tentacled monstrosities
  2 liches
  A quicksilver dragon (Zot:1)
  2 sphinxes
  Gastronok (D:12)
  2 storm dragons
  6 shadow dragons
  3 draconian monks
  2 tengu reavers
  A draconian knight (Zot:1)
  2 vault wardens (Vaults:1)
  3 frost giants
  2 ghost moths (Spider:4)
  2 emperor scorpions (Spider:4)
  An iron dragon (shapeshifter) (Depths:3)
  A draconian scorcher (Zot:1)
  A deep elf elementalist (Vaults:5)
  4 stone giants
  2 draconian stormcallers (Zot:1)
  5 ironheart preservers
  3 very ugly things
  A war gargoyle (Depths:3)
  A vampire knight (Depths:2)
  A green draconian (Zot:1)
  4 yellow draconians
  A deep elf annihilator (Vaults:5)
  3 black draconians
  2 red draconians (Depths:5)
  A deep elf demonologist (Vaults:5)
  A purple draconian (Zot:1)
  A deep elf death mage (Vaults:5)
  3 ettins
  A crystal guardian (Vaults:4)
  3 fire dragons
  A deep elf high priest (Vaults:5)
  2 yaktaur captains (Vaults:5)
  15 hydras
  Erolcha (D:13)
  An ice dragon (shapeshifter) (Depths:3)
  Josephine (D:12)
  17 vault guards (Vaults:5)
  A rakshasa (Depths:2)
  A shambling mangrove (Swamp:2)
  2 catoblepae
  An ice dragon (Vaults:3)
  3 centaur warriors
  2 death knights
  A ghost crab (Swamp:4)
  2 dancing weapons
  8 death yaks (Lair:5)
  Urug (Lair:3)
  3 deep troll shamans
  3 ogre magi
  4 alligators
  14 two-headed ogres
  A tengu warrior (D:15)
  3 deep troll earth magi
  3 deep elf knights
  An iron troll (Depths:2)
  2 small abominations (Vaults:5)
  A skeletal warrior (D:15)
  2 flayed ghosts
  12 deep trolls
  2 spriggan druids (Swamp:4)
  3 unseen horrors
  9 swamp dragons
  2 deep elf archers
  Pikel (D:8)
  3 orc knights
  5 ironbrand convokers
  3 phantasmal warriors
  4 orb spiders
  28 wolf spiders
  A lindwurm (Lair:6)
  An orc sorcerer (Vaults:4)
  34 ugly things
  6 deep elf magi
  6 cyclopes
  8 moths of wrath
  4 elephants (Lair:5)
  A manticore (D:15)
  8 vault sentinels
  2 black mambas (Lair:6)
  A guardian serpent (Lair:6)
  2 torpor snails
  16 spiny frogs
  2 gargoyles
  7 yaktaurs
  A rime drake (Lair:1)
  4 freezing wraiths
  3 komodo dragons
  8 demonic crawlers
  2 tengu conjurers (Depths:1)
  A guardian mummy (D:15)
  5 tyrant leeches
  10 hornets
  7 jumping spiders
  Prince Ribbit (D:6)
  3 meliai (Spider:4)
  16 dream sheep
  Grinder (D:6)
  2 bog bodies (Swamp:1)
  19 slime creatures
  A wind drake (shapeshifter) (Vaults:1)
  A harpy skeleton (D:14)
  A spriggan zombie (D:15)
  11 hippogriffs
  10 blink frogs
  A hippogriff (shapeshifter) (Depths:2)
  A centaur simulacrum (D:15)
  10 redbacks
  A shadow (D:15)
  4 spriggans
  7 wraiths
  44 yaks
  2 vampires
  10 wyverns
  6 tarantellas
  Grum (D:10)
  A hog (shapeshifter) (Vaults:3)
  3 hungry ghosts
  2 basilisks
  A basilisk (shapeshifter) (D:14)
  A steam dragon (D:11)
  7 vampire mosquitoes
  Menkaure (D:5)
  A yaktaur simulacrum (Vaults:1)
  4 insubstantial wisps (Swamp:1)
  A warg (Vaults:4)
  A soldier ant (D:15)
  2 acid dragons (D:15)
  5 swamp worms
  11 water moccasins
  A water moccasin (shapeshifter) (Vaults:4)
  6 porcupines
  A floating eye (shapeshifter) (Vaults:5)
  A black bear (D:7)
  A slave (D:8)
  8 swamp drakes
  An ice beast (shapeshifter) (Vaults:5)
  An eye of draining (shapeshifter) (Vaults:1)
  7 ice beasts
  5 sky beasts
  13 orc warriors
  A necrophage (D:11)
  5 boggarts
  2 wolves (D:10)
  10 ogres
  14 centaurs
  9 crocodiles
  Blork the orc (D:6)
  21 bullfrogs
  6 big kobolds
  A wyvern zombie (D:13)
  4 elf zombies (Ossuary)
  2 scorpions
  3 wights (D:6)
  3 howler monkeys
  6 crimson imps
  3 centaur zombies
  2 quasits
  2 bullfrog zombies (D:12)
  4 centaur skeletons
  17 orc priests
  4 hounds
  3 jellies
  3 bullfrog skeletons
  2 human zombies (Ossuary)
  8 iguanas
  10 orc wizards
  2 worker ants
  A killer bee zombie (D:9)
  A big kobold zombie (Ossuary)
  A hound zombie (D:9)
  3 hound skeletons
  3 worker ant zombies
  3 mummies (Ossuary)
  A howler monkey skeleton (D:4)
  5 adders
  3 shadow imps
  3 adder zombies (Ossuary)
  A worm zombie (D:6)
  2 adder skeletons
  2 worms (D:6)
  2 leopard geckos
  46 orcs
  2 giant cockroaches
  7 goblins
  5 hobgoblins
  15 jackals
  2 quokkas
  3 bats (D:1)
  2 frilled lizards
  2 gnoll zombies (Ossuary)
  3 goblin zombies (Ossuary)
  4 hobgoblin zombies (Ossuary)
  A jackal zombie (Ossuary)
  12 kobolds
  3 kobold zombies (Ossuary)
  A leopard gecko skeleton (D:7)
  2 orc zombies (Ossuary)
  3 quokka zombies
  3 rats
  5 rat zombies (Ossuary)
  8 crawling corpses (Vaults:5)
  5 fungi
  4 plants (Lair:5)
942 creatures vanquished.

Vanquished Creatures (collateral kills)
  Rupert (D:12)
  A lich (Vaults:5)
  A titan (Vaults:5)
  2 tengu reavers (Vaults:5)
  A storm dragon (Vaults:5)
  A shadow dragon (Vaults:5)
  A fire giant (Vaults:5)
  A frost giant (Vaults:5)
  A ghost moth (Spider:4)
  3 emperor scorpions (Spider:4)
  A stone giant (Vaults:5)
  An ettin (Vaults:5)
  3 yaktaur captains (Vaults:5)
  6 vault guards (Vaults:5)
  7 hydras
  A vampire mage (D:15)
  A deep elf knight (Vaults:5)
  A small abomination (Vaults:5)
  A flayed ghost (Vaults:5)
  A shadow wraith (Vaults:5)
  A large abomination (Vaults:5)
  3 swamp dragons (Swamp:4)
  An ironbrand convoker (Vaults:5)
  A necromancer (D:15)
  5 wolf spiders (Spider:4)
  5 orb spiders
  A spriggan skeleton (D:15)
  A yaktaur zombie (D:15)
  2 jumping spiders (Spider:4)
  A hornet (Spider:4)
  A fire dragon skeleton (D:15)
  2 wraiths (D:12)
  2 redbacks (Spider:4)
  A tarantella (Spider:4)
  A shadow (D:15)
  2 yaks (Lair:1)
  2 swamp drakes (Swamp:4)
  A floating eye (shapeshifter) (Vaults:5)
  An orc (D:12)
  2 crawling corpses (Vaults:5)
72 creatures vanquished.

Vanquished Creatures (others)
  A fire giant (Depths:5)
  A stone giant (Vaults:5)
  A vault guard (Vaults:5)
  A small abomination (Vaults:5)
  An ironbrand convoker (Vaults:5)
  A water moccasin (Lair:6)
  A swamp drake (Swamp:4)
  A kobold (D:13)
  A crawling corpse (Vaults:5)
  8 fungi
  7 plants
24 creatures vanquished.

Grand Total: 1038 creatures vanquished

Notes
Turn   | Place    | Note
-------+----------+-------------------------------------------
     0 | D:1      | EnegeticOcto the Deep Dwarf Fighter began the quest for the
                  | Orb.
     0 | D:1      | Reached XP level 1. HP: 20/20 MP: 1/1
   255 | D:1      | Reached XP level 2. HP: 27/27 MP: 2/2
   532 | D:3      | Reached XP level 3. HP: 28/33 MP: 0/3
   538 | D:3      | Reached skill level 1 in Dodging
   728 | D:4      | Found a blossoming altar of Fedhas.
   765 | D:4      | Reached XP level 4. HP: 32/42 MP: 4/4
  1605 | D:5      | Entered Level 5 of the Dungeon
  1622 | D:5      | Noticed Menkaure
  1633 | D:5      | Killed Menkaure
  1633 | D:5      | Reached XP level 5. HP: 32/49 MP: 4/4
  1650 | D:5      | Noticed an ice beast
  1661 | D:5      | Killed an ice beast
  1661 | D:5      | Reached XP level 6. HP: 37/56 MP: 5/5
  1722 | D:5      | Found a hazy altar of Hepliaklqana.
  1747 | D:5      | Reached skill level 5 in Axes
  2089 | D:5      | Reached XP level 7. HP: 56/63 MP: 4/4
  2129 | D:5      | Found a shadowy altar of Dithmenos.
  2307 | D:6      | Gained mutation: Your flesh is cold resistant. (rC+)
                  | [potion of mutation]
  2307 | D:6      | Gained mutation: You have a pair of small antennae on your
                  | head. [potion of mutation]
  2307 | D:6      | Gained mutation: You are robust. (+10% HP) [potion of
                  | mutation]
  2307 | D:6      | Gained mutation: You have a beak for a mouth. [potion of
                  | mutation]
  2371 | D:6      | Noticed Prince Ribbit
  2577 | D:6      | Noticed Grinder
  2604 | D:6      | Killed Grinder
  2604 | D:6      | Reached skill level 5 in Armour
  2604 | D:6      | Reached skill level 5 in Shields
  2606 | D:6      | Found a sand-covered staircase.
  2616 | Ossuary  | Entered an ossuary
  2676 | Ossuary  | Reached XP level 8. HP: 64/79 MP: 5/5
  2881 | D:6      | Noticed Blork the orc
  2900 | D:6      | Killed Blork the orc
  3069 | D:6      | Killed Prince Ribbit
  3435 | D:6      | Found an opulent altar of Gozag.
  3436 | D:6      | Found a basalt altar of Yredelemnul.
  3589 | D:7      | Reached skill level 5 in Fighting
  3589 | D:7      | Reached skill level 5 in Dodging
  3800 | D:7      | Found a staircase to the Ecumenical Temple.
  3805 | D:7      | Gained mutation: You passively map the area around you.
                  | [Deep Dwarf growth]
  3805 | D:7      | Reached XP level 9. HP: 70/89 MP: 4/4
  3816 | D:7      | Found Pilepola's Weapon Shoppe.
  3819 | Temple   | Entered the Ecumenical Temple
  3832 | Temple   | Became a worshipper of Makhleb the Destroyer
  4191 | D:7      | Reached skill level 1 in Invocations
  4474 | D:8      | Found Harphulul's Gadget Shoppe.
  4482 | D:8      | Reached skill level 2 in Invocations
  4607 | D:8      | Reached skill level 3 in Invocations
  4821 | D:8      | Noticed Pikel
  4841 | D:8      | Killed Pikel
  4841 | D:8      | Reached skill level 4 in Invocations
  5089 | D:9      | Found Karokkim's Magic Scroll Shoppe.
  5093 | D:9      | Bought a scroll of fog for 26 gold pieces
  5093 | D:9      | Bought a scroll of magic mapping for 45 gold pieces
  5119 | D:9      | Found a radiant altar of Vehumet.
  5286 | D:9      | Reached skill level 5 in Invocations
  5472 | D:9      | Reached * piety under Makhleb
  5666 | D:9      | Found a hide-covered altar of Uskayaw.
  5758 | D:9      | Reached XP level 10. HP: 58/100 MP: 7/7
  5879 | D:10     | Entered Level 10 of the Dungeon
  5888 | D:10     | Noticed Grum
  5909 | D:10     | Killed Grum
  5958 | D:10     | Found a staircase to the Lair.
  6274 | D:10     | Reached skill level 6 in Invocations
  6378 | D:10     | Found Qous's Armour Emporium.
  6401 | D:10     | Noticed a two-headed ogre
  6409 | D:10     | Killed a two-headed ogre
  6436 | D:10     | Found a snail-covered altar of Cheibriados.
  6440 | D:10     | Found Cheibriados's Comfort Zone.
  6504 | D:10     | Noticed a gargoyle
  6517 | D:10     | Killed a gargoyle
  6517 | D:10     | Reached ** piety under Makhleb
  6517 | D:10     | Reached skill level 7 in Invocations
  6717 | D:11     | Reached skill level 10 in Axes
  6786 | D:11     | Noticed a two-headed ogre
  6794 | D:11     | Killed a two-headed ogre
  7046 | D:11     | Reached skill level 8 in Invocations
  7065 | D:11     | Reached XP level 11. HP: 76/107 MP: 10/10
  7388 | D:12     | Noticed Ylonelor's ghost (journeyman MiFi)
  7393 | D:12     | Found a transporter.
  7397 | D:12     | Found a transporter.
  7457 | D:12     | Found Maaceotz's Armour Shoppe.
  7457 | D:12     | Found a staircase to the Orcish Mines.
  7457 | D:12     | Found Sosumiel's Weapon Shoppe.
  7477 | D:12     | Reached *** piety under Makhleb
  7538 | D:12     | Noticed a two-headed ogre
  7551 | D:12     | Killed a two-headed ogre
  7561 | D:12     | Noticed Rupert
  7584 | D:12     | Killed Rupert
  7584 | D:12     | Reached skill level 9 in Invocations
  7848 | D:12     | Reached skill level 10 in Invocations
  7935 | D:12     | Reached **** piety under Makhleb
  7971 | D:12     | Noticed Gastronok
  7971 | D:12     | Noticed Josephine
  7992 | D:12     | Killed Josephine
  8019 | D:12     | Killed Gastronok
  8019 | D:12     | Reached XP level 12. HP: 84/119 MP: 11/11
  8261 | D:13     | Noticed a death knight
  8307 | D:13     | Killed a death knight
  8307 | D:13     | Reached skill level 11 in Invocations
  8604 | D:13     | Noticed a tengu warrior
  8692 | D:13     | Found a gate to the Vaults.
  8748 | D:13     | Noticed Erolcha
  8756 | D:13     | Killed Erolcha
  8756 | D:13     | Reached skill level 12 in Invocations
  9144 | D:14     | Found Tonk's Demolitions Depot.
  9371 | D:14     | Reached XP level 13. HP: 100/128 MP: 8/8
  9383 | D:14     | Reached ***** piety under Makhleb
  9778 | D:15     | Entered Level 15 of the Dungeon
  9796 | D:15     | Found a shattered altar of Ashenzari.
  9980 | D:15     | Reached skill level 10 in Armour
 10013 | D:15     | Reached skill level 10 in Shields
 10135 | D:15     | Reached skill level 13 in Invocations
 10352 | D:15     | Found a staircase to the Depths.
 10661 | D:10     | Bought a +10 plate armour of ponderousness for 650 gold
                  | pieces
 10723 | Lair:1   | Entered Level 1 of the Lair of Beasts
 10751 | Lair:1   | Found a transporter.
 10759 | Lair:1   | Found a bloodstained altar of Trog.
 10759 | Lair:1   | Identified the +11 trident of the Saviour {drain, MR+ SInv}
 10760 | Lair:1   | Identified the +2 trident of the Thirteen Runes {vamp, rC+
                  | MR+ MP+9 Str+2}
 10761 | Lair:1   | Noticed FRZBLD's ghost (novice TrMo)
 10905 | Lair:1   | Found a transporter.
 10980 | Lair:1   | Gained mutation: You resist negative energy. (rN+) [Deep
                  | Dwarf growth]
 10980 | Lair:1   | Reached XP level 14. HP: 139/139 MP: 9/9
 11266 | Lair:1   | Reached skill level 10 in Dodging
 11629 | Lair:2   | Reached skill level 14 in Invocations
 12377 | Lair:3   | Noticed Urug
 12388 | Lair:3   | Killed Urug
 12655 | Lair:3   | Found a staircase to the Swamp.
 12978 | Lair:3   | Identified a scroll of acquirement
 12978 | Lair:3   | Identified the +8 broad axe of Melee {drain, rN+} (You
                  | acquired it on level 3 of the Lair of Beasts)
 13057 | Lair:4   | Found a hole to the Spider Nest.
 14170 | Lair:5   | Reached skill level 15 in Invocations
 14476 | Lair:6   | Entered Level 6 of the Lair of Beasts
 14588 | Lair:6   | Reached XP level 15. HP: 151/151 MP: 11/11
 14663 | Lair:6   | Reached ****** piety under Makhleb
 14670 | Lair:6   | Reached skill level 10 in Fighting
 14776 | Lair:6   | Reached skill level 15 in Axes
 15112 | Swamp:1  | Entered Level 1 of the Swamp
 15711 | Swamp:2  | Reached skill level 16 in Invocations
 15770 | Swamp:4  | Entered Level 4 of the Swamp
 15920 | Swamp:4  | Got a decaying rune of Zot
 16137 | Spider:1 | Entered Level 1 of the Spider Nest
 16247 | Spider:3 | Reached XP level 16. HP: 165/165 MP: 13/13
 16289 | Spider:4 | Entered Level 4 of the Spider Nest
 16797 | Spider:4 | Reached skill level 17 in Invocations
 16947 | Spider:4 | Got a gossamer rune of Zot
 17353 | Vaults:1 | Entered Level 1 of the Vaults
 18122 | Vaults:3 | Reached XP level 17. HP: 155/174 MP: 14/14
 18253 | Vaults:3 | You fall into a shaft and drop 1 floor!
 18352 | Vaults:4 | Reached skill level 18 in Invocations
 18682 | Vaults:5 | Entered Level 5 of the Vaults
 18726 | Vaults:5 | Noticed a lich
 18737 | Vaults:5 | Killed a lich
 18768 | Vaults:5 | Gained mutation: You passively map a large area around you.
                  | [Deep Dwarf growth]
 18768 | Vaults:5 | Reached XP level 18. HP: 163/187 MP: 16/16
 18844 | Vaults:5 | Paralysed by a floating eye for 2 turns
 18875 | Vaults:5 | Noticed a Hell Sentinel
 18900 | Vaults:5 | Noticed a tentacled monstrosity
 18908 | Vaults:5 | Killed a tentacled monstrosity
 18908 | Vaults:5 | Reached skill level 19 in Invocations
 19074 | Vaults:5 | Found the +4 Cigotuvi's embrace {rRot *Drain rN+}
 19075 | Vaults:5 | Identified the +0 plate armour of Untruth {-Cast rC+++
                  | Regen+ MP+9} (You found it on level 5 of the Vaults)
 19102 | Vaults:5 | Identified the +7 plate armour of the Six Dreams {+Fly rF+
                  | Dex+3} (You found it on level 5 of the Vaults)
 19118 | Vaults:5 | Got a silver rune of Zot
 19300 | Vaults:3 | Found Olaick's Book Shop.
 19636 | Depths:1 | Entered Level 1 of the Depths
 19705 | Depths:1 | Found a magical portal.
 19833 | Depths:3 | Found a gateway to Hell.
 19936 | Depths:5 | Entered Level 5 of the Depths
 19978 | Depths:5 | Found a gate to the Realm of Zot.
 20024 | Zot:1    | Entered Level 1 of the Realm of Zot
 20024 | Zot:1    | Noticed an electric golem
 20040 | Zot:1    | Killed an electric golem
 20040 | Zot:1    | Reached XP level 19. HP: 107/199 MP: 17/17
 20049 | Zot:1    | Noticed an orb of fire
 20050 | Zot:1    | Gained mutation: You are clumsy. (Dex -2) [an orb of fire]
 20051 | Zot:1    | Gained mutation: You are occasionally teleported next to
                  | monsters. [an orb of fire]
 20064 | Zot:1    | Killed an orb of fire
 20073 | Zot:1    | Noticed a golden dragon
 20089 | Zot:1    | Killed a golden dragon
 20099 | Zot:1    | Reached skill level 20 in Invocations
 20310 | Zot:2    | Noticed a Killer Klown
 20310 | Zot:2    | Noticed an electric golem
 20314 | Zot:2    | Noticed an ancient lich
 20317 | Zot:2    | Noticed a curse toe
 20322 | Zot:2    | Killed a Killer Klown
 20342 | Zot:2    | Killed from afar by an ancient lich

Levels and vault maps discovered:
D:1:      dpeg_arrival_prison, layout_basic, minmay_crystal_room,
          hangedman_decor_clover_reticule, st_stairs_10
D:2:      layout_rooms, lemuel_round_altar
D:3:      layout_basic, serial_glass, glass_columns_a, glass_columns_a
D:4:      layout_layer_cave, fedhas_altar_1, first_ration
D:5:      layout_loops_ring, kennysheep_little_box,
          lemuel_coloured_pillars_altar, uniq_menkaure
D:6:      layout_loops_corners, gammafunk_temple_overflow_pools,
          enter_ossuary_3, uniq_prince_ribbit1, uniq_blork_the_orc, uniq_grinder
D:7:      layout_cave_pods, minmay_temple_entry_statues, serial_shops, shop,
          the_bakery
D:8:      layout_basic, serial_shops, shop_statue, corexii_leaking_fountain,
          uniq_pikel
D:9:      layout_basic, nicolae_overflow_hidden_temple, vehumet_altar_wand_db,
          serial_shops, shop_statue, nicolae_wwwww, nrook_loot_triangle,
          chequers_jeans
D:10:     layout_cave_pods, lair_entry_dummy, serial_shops, shop,
          minmay_shop_chei, uniq_grum
D:11:     layout_loops_cross
D:12:     layout_gridville, orc_david_3, gammafunk_ghost_hive, uniq_rupert,
          uniq_gastronok, uniq_josephine
D:13:     layout_long_grid, hangedman_vaults_entry_quadrant_bands, uniq_erolcha
D:14:     layout_loops_ring, minmay_misc_feat_enclosed, nicolae_blasting_shop
D:15:     gammafunk_depths_entry_grave, layout_irregular_city,
          nicolae_ashenzari_panopticon, st_stairs_14
Temple:   eino_temple_lava
Lair:1:   layout_hall_layers, gammafunk_ghost_wrathful_warriors,
          chequers_serial_rivers_micro_c, grunt_forest_large_clearing_hut,
          minmay_lair_oklob_chamber, grunt_megastairs_2
Lair:2:   layout_big_grid, lemuel_fruit_tree
Lair:3:   layout_small_grid, palyth_hydra_swamp_entry, serial_bayou_shore_b,
          uniq_urug
Lair:4:   layout_regular_city, nicolae_spider_entry_orb_guardian
Lair:5:   layout_loops_ring
Lair:6:   hangedman_lair_tendril_chambers, layout_regular_city,
          hangedman_lair_in_review, minmay_slime_entry_oklob_enclosed,
          st_stairs_5, chequers_serial_rivers_room_a
Swamp:1:  layout_falls_marsh, nicolae_swamp_round_clearing
Swamp:2:  layout_basic_swamp, nicolae_swamp_fairy_circle, swamp_pool3
Swamp:3:  layout_basic_swamp, evilmike_swamp_ruin_house_5,
          infiniplex_staircase_pool_2
Swamp:4:  swamp, layout_basic_swamp
Spider:1: layout_spider_delve
Spider:2: layout_spider_delve, nicolae_spider_webs_and_nodes,
          nicolae_crawler_farm
Spider:3: layout_spider_delve, special_room [special_room_bee],
          spiders_nest_ghost_moth_duel, uniq_arachne
Spider:4: grunt_spider_rune_island
Vaults:1: vaults_mumra_chevron_long, vaults_room_pool, v_pattern_5, v_misc_31,
          vaults_room_grunt_arrival_ludios, st_greater_box_3,
          vaults_room_semicircle, vaults_room_corners, vaults_room_pool,
          nicolae_vaults_little_squares_3, nicolae_vaults_three_branches,
          layout_vaults_omnicross
Vaults:2: minmay_crypt_entry_simple_corners, hangedman_vaults_restitches,
          vaults_room_boxed, nicolae_vaults_rhombus_7, v_alt_pattern_2,
          vaults_room_grid, nicolae_vaults_alarming, ontoclasm_vaults_chip,
          layout_vaults_omnigrid
Vaults:3: nicolae_vaults_hallways_thing, nicolae_vaults_back_hallway,
          vaults_mumra_lcd, v_misc_17, ontoclasm_vaults_misaligned,
          grunt_vaults_swirl, nicolae_vaults_network_periphery, v_misc_2,
          nicolae_vaults_yaktaur_gun_rack, dpeg_vaults_monster_box,
          ontoclasm_vaults_gateway, vaults_room_pools, vaults_room_corners,
          vaults_dpeg_encased_lava, nicolae_vaults_little_squares_2,
          layout_vaults_ring, serial_shops, shop, uniq_aizul
Vaults:4: ontoclasm_vaults_twist, nicolae_vaults_triangles,
          nicolae_vaults_windows_and_doors_thing, vaults_room_pool,
          v_alt_pattern_6, vaults_dpeg_diagonal, v_misc_13, v_pattern_2,
          hangedman_vaults_nails, nicolae_vaults_angled_halls,
          hangedman_vaults_pinch, layout_vaults_omnibox, serial_shops, shop
Vaults:5
Depths:1: minmay_the_grid_4x2 [minmay_the_grid_all_tris, minmay_the_grid_garden,
          minmay_the_grid_dragon_a, minmay_the_grid_expand, minmay_the_grid_fan,
          minmay_the_grid_box_x, minmay_the_grid_mess,
          minmay_the_grid_prize_trominoes], layout_cave_shapes,
          ebering_ghost_gozag, mu_enter_wizlab_1, pf_vacation_house_of_asmodeus,
          roderic_serpentine_path, hallowed_hall
Depths:2: minmay_shrinking_squares, layout_small_grid,
          chequers_serial_rivers_micro_e, grunt_hell_horde,
          grunt_pan_entry_sceptre, minmay_shoptagon
Depths:3: hangedman_crystal_crosses_colossus [crystal_crosses_arms_four,
          crystal_crosses_arms_two, crystal_crosses_arms_two,
          crystal_crosses_arms_one], pan_entry, hell_entry, serial_shops
Depths:4: kennysheep_blocky_hall, layout_gridlike, grunt_hell_entry_dis_old,
          abyss_entry_flame_altar
Depths:5: grunt_zot_entry_tricorne, layout_cave_shapes, pf_hell_entry_tar_river,
          chequers_serial_rivers_micro_e, serial_sigils_hangedman_quiver,
          serial_bayou_shore_b
Zot:1:    lemuel_draconian_sentries_small, layout_basic, lemuel_baited_zot_trap
Zot:2:    grunt_deathspiral_small, layout_onion, grunt_ministairs_1

Skill      XL: |  1  2  3  4  5  6  7  8  9 10 11 12 13 14 15 16 17 18 19 |
---------------+----------------------------------------------------------+-----
Dodging        | 1 2 3 5 6 7 8 9 10 11 12 13 | 13.8
Fighting       | 3 4 5 6 7 8 9 11 12 13 14 | 14.3
Axes           | 3 4 5 6 7 9 10 11 12 13 14 15 16 17 18 | 18.8
Shields        | 4 5 6 7 8 9 10 11 12 13 14 | 14.1
Armour         | 4 5 6 7 8 9 10 11 12 13 14 | 14.1
Invocations    | 5 8 10 12 13 15 16 17 18 19 20 | 20.4

Action                   |  1- 3 |  4- 6 |  7- 9 | 10-12 | 13-15 | 16-18 | 19-21 || total
-------------------------+-------+-------+-------+-------+-------+-------+-------++-------
Melee: War axe           |   106 |   107 |   427 |   643 |   460 |       |       ||  1743
       Peck              |       |       |    69 |   139 |   230 |   237 |    41 ||   716
       Broad axe         |       |       |       |       |   545 |   880 |   162 ||  1587
Invok: Lesser Servant of |       |       |       |     3 |    12 |     3 |       ||    18
       Greater Servant o |       |       |       |       |     2 |     8 |       ||    10
 Abil: Heal Wounds       |     1 |     3 |    13 |    34 |     3 |     5 |     2 ||    61
Evoke: Wand              |       |       |     1 |     6 |    11 |       |     3 ||    21
  Use: Scroll            |       |       |    18 |     8 |     7 |    17 |     3 ||    53
       Potion            |       |       |     1 |       |     3 |     6 |     4 ||    14
 Stab: Paralysed         |       |       |       |     6 |       |       |       ||     6
       Distracted        |       |       |       |       |     5 |     6 |       ||    11
       Confused          |       |       |       |       |     4 |     1 |       ||     5
       Invisible         |       |       |       |       |       |     9 |    20 ||    29
  Eat: Ration            |       |     1 |     3 |     1 |     5 |     1 |       ||    11
       Chunk             |       |     1 |     2 |    15 |    18 |     4 |       ||    40
Armor: Scale mail        |    46 |    46 |     9 |       |       |       |       ||   101
       Plate armour      |       |       |   178 |   292 |   876 |   558 |   116 ||  2020
Dodge: Dodged            |    44 |    43 |    92 |   179 |   553 |   358 |    69 ||  1338
Block: Kite shield       |    69 |    52 |   187 |   405 |   797 |   421 |       ||  1931
       Tower shield      |       |       |       |       |       |   177 |   164 ||   341

Table legend:
 A = Non-vault XP
 B = Vault XP
 C = Vault XP percentage of total XP
 D = Non-vault monster count
 E = Vault monster count
 F = Vault count percentage of total count
                 A         B        C        D         E       F
            +---------+---------+-------+---------+---------+-------
      Total |  254779 |  184733 |  42.0 |     683 |     315 |  31.6
            +---------+---------+-------+---------+---------+-------
        D:1 |      12 |       9 |  42.9 |       8 |       6 |  42.9
        D:2 |      13 |       0 |   0.0 |       7 |       0 |   0.0
        D:3 |      52 |       0 |   0.0 |       7 |       0 |   0.0
        D:4 |      35 |       0 |   0.0 |       4 |       0 |   0.0
        D:5 |     477 |     169 |  26.2 |      17 |       1 |   5.6
        D:6 |     428 |     648 |  60.2 |      18 |       4 |  18.2
        D:7 |     429 |     224 |  34.3 |       7 |       1 |  12.5
        D:8 |    1082 |     629 |  36.8 |      16 |       1 |   5.9
        D:9 |     744 |       2 |   0.3 |      16 |       1 |   5.9
       D:10 |    2814 |     435 |  13.4 |      24 |       3 |  11.1
       D:11 |    2341 |       0 |   0.0 |      28 |       0 |   0.0
       D:12 |    5531 |    6460 |  53.9 |      45 |      13 |  22.4
       D:13 |    6365 |    6162 |  49.2 |      34 |      18 |  34.6
       D:14 |    9170 |       0 |   0.0 |      38 |       0 |   0.0
       D:15 |   13117 |    3158 |  19.4 |      34 |       9 |  20.9
     Lair:1 |    3218 |    3466 |  51.9 |      14 |      12 |  46.2
     Lair:2 |    6689 |       0 |   0.0 |      21 |       0 |   0.0
     Lair:3 |     956 |    3057 |  76.2 |       6 |       5 |  45.5
     Lair:4 |    3010 |     575 |  16.0 |      14 |       1 |   6.7
     Lair:5 |   16369 |       0 |   0.0 |      42 |       0 |   0.0
     Lair:6 |    7594 |    7203 |  48.7 |      27 |      25 |  48.1
    Swamp:1 |   10046 |       0 |   0.0 |      26 |       0 |   0.0
    Swamp:2 |   11299 |       0 |   0.0 |      25 |       0 |   0.0
    Swamp:4 |    3115 |   13451 |  81.2 |       4 |      25 |  86.2
   Spider:1 |    1806 |       0 |   0.0 |       5 |       0 |   0.0
   Spider:2 |    1106 |       0 |   0.0 |       3 |       0 |   0.0
   Spider:3 |    6061 |       0 |   0.0 |      18 |       0 |   0.0
   Spider:4 |   10924 |   20778 |  65.5 |      25 |      40 |  61.5
   Vaults:1 |   10122 |    8868 |  46.7 |      16 |      14 |  46.7
   Vaults:2 |       0 |     485 | 100.0 |       0 |       1 | 100.0
   Vaults:3 |   19604 |       0 |   0.0 |      34 |       0 |   0.0
   Vaults:4 |   12601 |   12458 |  49.7 |      17 |      20 |  54.1
   Vaults:5 |   20525 |   52668 |  72.0 |      29 |      54 |  65.1
   Depths:1 |    1404 |       0 |   0.0 |       3 |       0 |   0.0
   Depths:2 |   15125 |       0 |   0.0 |      21 |       0 |   0.0
   Depths:3 |       0 |   11890 | 100.0 |       0 |       8 | 100.0
   Depths:4 |    1536 |       0 |   0.0 |       4 |       0 |   0.0
   Depths:5 |       0 |   13533 | 100.0 |       0 |       9 | 100.0
      Zot:1 |   43113 |    3242 |   7.0 |      22 |       2 |   8.3
      Zot:2 |    5946 |   14538 |  71.0 |       4 |       6 |  60.0
    Ossuary |       0 |     625 | 100.0 |       0 |      36 | 100.0
            +---------+---------+-------+---------+---------+-------
